 Dungeon Crawl Stone Soup version 0.20.1-1-g8b1a95d (webtiles) character file.

1020 slep the Slasher (level 8, -1/69 HPs)
             Began as a Minotaur Fighter on Oct 24, 2017.
             Slain by a scorpion (7 damage)
             ... on level 5 of the Dungeon.
             The game lasted 00:19:27 (2900 turns).

slep the Slasher (Minotaur Fighter)                 Turns: 2900, Time: 00:19:28

Health: -1/69      AC: 10    Str: 24    XL:     8   Next: 2%
Magic:  7/7        EV:  9    Int:  9    God:    Xom [...*..]
Gold:   202        SH: 10    Dex: 12    Spells: 7/7 levels left

rFire    . . .     SeeInvis .   a - +0 long sword
rCold    . . .     Gourm    .   c - +0 shield
rNeg     . . .     Faith    .   b - +0 scale mail
rPois    .         Spirit   .   (helmet restricted)
rElec    .         Reflect  .   w - +0 cloak
rCorr    .         Harm     .   p - +0 pair of gloves
MR       .....                  (no boots)
Stlth    ..........             (no amulet)
Regen    0.3/turn               n - ring of magical power
MPRegen  0.1/turn               I - ring "Gaoqocat" {+Blink MP-9 Str+3 Int+4}

@: no status effects
A: retaliatory headbutt, horns 2
a: Renounce Religion, Evoke Blink


You were on level 5 of the Dungeon.
You worshipped Xom.
You were a favourite toy of Xom.
You were not hungry.

You visited 1 branch of the dungeon, and saw 5 of its levels.

You collected 202 gold pieces.

Inventory:

Hand Weapons
 a - a +0 long sword (weapon)
Missiles
 z - 5 tomahawks (quivered)
Armour
 b - a +0 scale mail (worn)
 c - a +0 shield (worn)
 o - a +0 pair of gloves
 p - a +0 pair of gloves (worn)
 w - a +0 cloak (worn)
Jewellery
 n - a ring of magical power (left hand)
 I - the ring "Gaoqocat" (right hand) {+Blink MP-9 Str+3 Int+4}
   (You found it on level 5 of the Dungeon)

   [ring of strength]

   It affects your strength (+3).
   It affects your intelligence (+4).
   It affects your magic capacity (-9).
   It lets you blink.
Wands
 C - a wand of paralysis (4/24)
Scrolls
 g - 3 scrolls of identify
 i - 2 scrolls of teleportation {unknown}
 k - a scroll of remove curse
 l - a scroll of immolation {unknown}
 r - 2 scrolls of blinking {unknown}
 x - a scroll of fear {unknown}
 y - a scroll of random uselessness {unknown}
 E - a scroll of magic mapping {unknown}
 H - a scroll of fog {unknown}
Potions
 d - a potion of might
 e - 6 potions of curing {unknown}
 h - a potion of haste {unknown}
 j - a potion of invisibility {unknown}
 m - 2 potions of agility {unknown}
 s - a potion of ambrosia {unknown}
 v - 2 potions of magic
 A - a potion of lignification {unknown}
 D - 2 potions of brilliance {unknown}
 F - a potion of flight {unknown}
 G - a potion of resistance {unknown}
Books
 B - a book of Changes

   Spells                             Type                      Level
   a - Beastly Appendage              Transmutation                1
   b - Sticks to Snakes               Transmutation                2
   c - Spider Form                    Transmutation/Poison         3
   d - Ice Form                       Ice/Transmutation            4
   e - Blade Hands                    Transmutation                5
Comestibles
 f - 5 bread rations
 q - 3 royal jellies
 t - 4 chunks of flesh
 u - a meat ration


   Skills:
 + Level 5.6 Fighting
 + Level 7.3 Long Blades
 + Level 1.3 Throwing
 + Level 6.1 Armour
 + Level 2.2 Dodging
 + Level 0.8 Stealth
 + Level 5.4 Shields


You had 7 spell levels left.
You didn't know any spells.

Dungeon Overview and Level Annotations

Branches:
Dungeon (5/15)
 Temple: D:4-7

Altars:
Cheibriados
Gozag
Hepliaklqana
Nemelex Xobeh
Xom

Annotations:
D:4 1 transporter


Innate Abilities, Weirdness & Mutations

You reflexively headbutt those who attack you in melee.
You have a pair of horns on your head.


Message History

You completely miss the scorpion. Your headbutt misses the scorpion.
The scorpion is severely wounded.
The scorpion stings you but does no damage.
You hit the scorpion.
The scorpion is severely wounded.
The scorpion stings you but does no damage.
You hit the scorpion but do no damage.
The scorpion is severely wounded.
You block the scorpion's attack.
Unknown command.
You closely miss the scorpion.
The scorpion is severely wounded.
The scorpion stings you.
* * * LOW HITPOINT WARNING * * *
You hit the scorpion. Your headbutt misses the scorpion.
The scorpion is almost dead.
The scorpion stings you but does no damage.
The scorpion stings you!
You die... "What!?
That's it?"

......'...##+#####
......#.................
#######.................
..........##.#..#<.....
......................
..........##.#..###.#
....................#
##.#.............s..#..#.
#.#.#.........)@........
# #.#.#..##.#.##........
....#..##.............
#.#.#..##.#.##...#.### ..
...............#
....##.#.##...... ....
.............
#.#..........


You could see a scorpion.

Vanquished Creatures
  Sigmund (D:2)
  A water moccasin (D:5)
  An ogre (D:5)
  A centaur (D:4)
  A scorpion (D:4)
  A bullfrog zombie (D:5)
  A hound (D:4)
  Crazy Yiuf (D:2)
  A jelly (D:5)
  An orc priest (D:4)
  An iguana (D:5)
  Ijyb (D:4)
  4 orc wizards
  2 worker ants
  7 adders
  A shadow imp (D:5)
  An ooze (D:5)
  An adder zombie (D:5)
  5 worms
  2 dart slugs (D:3)
  A leopard gecko (D:3)
  14 orcs
  A giant cockroach (D:1)
  7 goblins
  7 hobgoblins
  8 jackals
  11 bats
  6 frilled lizards
  10 kobolds
  4 rats
104 creatures vanquished.

Notes
Turn   | Place    | Note
-------+----------+-------------------------------------------
     0 | D:1      | slep the Minotaur Fighter began the quest for the Orb.
     0 | D:1      | Reached XP level 1. HP: 19/19 MP: 0/0
   148 | D:1      | Reached XP level 2. HP: 27/27 MP: 1/1
   674 | D:1      | Found a snail-covered altar of Cheibriados.
   676 | D:1      | Found a shattered altar of Ashenzari.
   676 | D:1      | Found a sacrificial altar of Ru.
   678 | D:1      | Found a shimmering altar of Xom.
   678 | D:1      | Found a hide-covered altar of Uskayaw.
   678 | D:1      | Found a sparkling altar of Nemelex Xobeh.
   699 | D:1      | Became a worshipper of Xom of Chaos
   786 | D:2      | Reached skill level 3 in Long Blades
   799 | D:2      | Noticed Sigmund
   809 | D:2      | Reached XP level 3. HP: 30/33 MP: 2/2
   837 | D:2      | Killed Sigmund
   837 | D:2      | Reached skill level 4 in Long Blades
   837 | D:2      | Reached skill level 5 in Armour
   837 | D:2      | Reached XP level 4. HP: 21/41 MP: 3/3
   837 | D:2      | Reached XP level 5. HP: 24/47 MP: 4/4
   928 | D:2      | Found a runed door.
  1108 | D:2      | Found a snail-covered altar of Cheibriados.
  1118 | D:2      | Found an opulent altar of Gozag.
  1258 | D:2      | Noticed Crazy Yiuf
  1263 | D:2      | Killed Crazy Yiuf
  1358 | D:3      | Reached skill level 1 in Dodging
  1368 | D:3      | Reached XP level 6. HP: 50/53 MP: 5/5
  1527 | D:3      | XOM: harmless Summ miscast
  1563 | D:3      | XOM: divination: magic mapping
  1605 | D:3      | XOM: polymorph hobgoblin -> dart slug
  1746 | D:4      | Noticed Ijyb
  1752 | D:4      | Paralysed by Ijyb for 3 turns
  1757 | D:4      | Paralysed by Ijyb for 7 turns
  1762 | D:4      | XOM is BORED!
  1762 | D:4      | XOM: swap monsters
  1767 | D:4      | Killed Ijyb
  1826 | D:4      | Reached skill level 5 in Long Blades
  1852 | D:4      | Reached skill level 1 in Throwing
  1943 | D:4      | XOM: summons 2 friendly demons
  1947 | D:4      | Reached XP level 7. HP: 49/60 MP: 6/6
  1993 | D:4      | Found a hazy altar of Hepliaklqana.
  2011 | D:4      | Reached skill level 6 in Long Blades
  2045 | D:4      | Found a sparkling altar of Nemelex Xobeh.
  2045 | D:4      | Found a transporter.
  2196 | D:4      | Reached skill level 5 in Shields
  2234 | D:4      | Reached skill level 5 in Fighting
  2685 | D:5      | Entered Level 5 of the Dungeon
  2705 | D:5      | Got a translucent bronze ring
  2706 | D:5      | Identified the ring "Gaoqocat" {+Blink MP-9 Str+3 Int+4} (You found it on level 5 of the Dungeon)
  2763 | D:5      | Reached skill level 7 in Long Blades
  2892 | D:5      | Reached XP level 8. HP: 12/69 MP: 7/7
  2900 | D:5      | Slain by a scorpion

Skill      XL: |  1  2  3  4  5  6  7 |
---------------+----------------------+-----
Armour         | 4 5 6 |  6.1
Long Blades    | 3 4 5 7 |  7.3
Fighting       | 4 5 |  5.6
Shields        | 4 5 |  5.4
Dodging        | 1 2 |  2.2
Throwing       | 1 |  1.3
Stealth        | |  0.8

Action                   |  1- 3 |  4- 6 |  7- 9 || total
-------------------------+-------+-------+-------++-------
Melee: Long sword        |    43 |   131 |    80 ||   254
       Headbutt          |     7 |    28 |    23 ||    58
Throw: Tomahawk          |       |    19 |       ||    19
  Use: Scroll            |       |       |     2 ||     2
 Stab: Confused          |       |     1 |       ||     1
  Eat: Chunk             |       |     4 |     3 ||     7
Armor: Scale mail        |    19 |    56 |    32 ||   107
Dodge: Dodged            |    14 |    52 |    17 ||    83
Block: Shield            |    20 |    61 |    31 ||   112
       Rpst.: Long sword |     4 |    14 |     7 ||    25
